 Dungeon Crawl Stone Soup version 0.20-a0-949-g916514f (webtiles) character file.

14102 Lifeless the Carver (level 11, -7/101 HPs)
             Began as a Minotaur Abyssal Knight on Apr 4, 2017.
             Was a High Priest of Lugonu.
             Mangled by a large slime creature (33 damage)
             ... on level 12 of the Dungeon.
             The game lasted 01:05:10 (14280 turns).

Lifeless the Carver (Minotaur Abyssal Knight)      Turns: 14280, Time: 01:05:11

Health: -7/101     AC: 23    Str: 22    XL:     11   Next: 84%
Magic:  11/11      EV: 10    Int:  9    God:    Lugonu [*****.]
Gold:   863        SH:  4    Dex: 13    Spells: 10/10 levels left

rFire    + . .     SeeInvis .   g - +9 dagger "Mommodghi" {pain, rF+ Stlth+}
rCold    . . .     Gourm    .   G - +1 buckler {AC+3}
rNeg     . . .     Faith    .   i - +0 plate armour
rPois    .         Spirit   .   q - +0 hat
rElec    .         Reflect  .   D - +0 cloak
rCorr    .         Harm     .   C - +1 pair of gloves
MR       .....                  A - +0 pair of boots
Stlth    ..........             (no amulet)
Regen    0.3/turn               x - +5 ring of strength
MPRegen  0.2/turn               a - ring of stealth

@: about to teleport
A: retaliatory headbutt, horns 2
a: Depart the Abyss, Bend Space, Banish, Corrupt, Enter the Abyss, Renounce
Religion


You were on level 12 of the Dungeon.
You worshipped Lugonu.
Lugonu was extremely pleased with you.
You were not hungry.

You visited 1 branch of the dungeon, and saw 12 of its levels.
You visited the Abyss 1 time.

You collected 863 gold pieces.

Inventory:

Hand Weapons
 g - the +9 dagger "Mommodghi" (weapon) {pain, rF+ Stlth+}
   (You found it on level 5 of the Dungeon)

   In the hands of one skilled in necromantic magic, it inflicts extra damage on
   living creatures.
   It protects you from fire.
   It makes you more stealthy.
 o - a +0 great sword
Armour
 i - a +0 plate armour (worn)
 q - a +0 hat (worn)
 A - a +0 pair of boots (worn)
 C - a +1 pair of gloves (worn)
 D - a +0 cloak (worn)
 G - a +1 buckler of protection (worn)
Jewellery
 a - a ring of stealth (right hand)
 x - a +5 ring of strength (left hand)
Wands
 r - a wand of flame (33/48)
 u - a wand of polymorph (14/24)
 H - a wand of digging (15/24)
Scrolls
 k - a scroll of recharging
 l - 3 scrolls of enchant weapon
 p - a scroll of immolation
 s - a scroll of summoning {unknown}
 t - 2 scrolls of remove curse
 v - 2 scrolls of teleportation
 y - 3 scrolls of fear
 E - 4 scrolls of magic mapping
Potions
 b - a potion of invisibility
 e - 9 potions of curing
 h - a potion of agility
 j - a potion of flight
 m - 3 potions of lignification
 n - 2 potions of ambrosia
 w - 2 potions of heal wounds
 z - a potion of mutation {unknown}
 B - 3 potions of brilliance {unknown}
Comestibles
 c - 9 bread rations
 d - 9 fruits
 f - 10 meat rations
 F - 3 royal jellies


   Skills:
 + Level 10.9 Fighting
 * Level 14.0 Long Blades
 + Level 10.8 Armour
 + Level 9.5 Dodging
 - Level 1.7 Invocations


You had 10 spell levels left.
You didn't know any spells.

Dungeon Overview and Level Annotations

Branches:
Dungeon (12/15)            Temple (0/1) D:7            Lair (0/6) D:9
    Orc (0/2) D:12

Altars:
Dithmenos
Fedhas
Kikubaaqudgha
Sif Muna
Trog
Xom
Yredelemnul

Shops:
D:8 !   D:12 [


Innate Abilities, Weirdness & Mutations

You reflexively headbutt those who attack you in melee.
You have a pair of horns on your head.


Message History

Lugonu accepts your kill. The large slime creature hits you!
You puncture the slime creature!
Your headbutt misses the slime creature.
The slime creature is lightly wounded.
You hit the slime creature but do no damage.
The slime creature is lightly wounded.
The large slime creature closely misses you.
The slime creature hits you.
You hit the slime creature.
The slime creature is lightly wounded.
The orc barely misses you. x2; You furiously retaliate!
You headbutt the orc, but do no damage. The large slime creature hits you!!
You hit the orc but do no damage. The slime creature hits you!
* * * LOW HITPOINT WARNING * * *
The orc closely misses you. You furiously retaliate!
You headbutt the orc, but do no damage.
As you read the scroll of teleportation, it crumbles to dust.
You feel strangely unstable. The large slime creature hits you!!
You die...

.....##....#########...
#....##+### ##...
#....# #.... #....#
#.... #....####.# ###
##### ##......#.###...
#..<. #...o..#.......
#.... #..JJ).'.......
#.... #..o@o.#.......
#.... #......#.......
#....
#......#'###'##'#....
######.............###
#....#.............#..
#....#.............#..
#....'.............#..
#....#.............#..
#....#.............#..


You could see a large slime creature, a slime creature and 3 orcs.

Vanquished Creatures
  Erolcha (D:11)
  3 two-headed ogres
  3 ugly things (D:11)
  A cyclops (D:11)
  A manticore (D:12)
  Joseph (D:7)
  A gargoyle (D:12)
  A centaur skeleton (D:12)
  A freezing wraith (D:12)
  A komodo dragon (D:10)
  A troll (D:9)
  2 slime creatures (D:12)
  A shadow (D:11)
  A wraith (D:10)
  A vampire (D:11)
  A wyvern (D:10)
  A human (D:8)
  6 yaks
  4 hogs (D:8)
  A steam dragon (D:11)
  Edmund (D:4)
  A water moccasin (D:5)
  2 ice beasts
  4 orc warriors
  4 black bears
  2 phantoms
  3 ogres
  A sky beast (D:7)
  A necrophage (D:11)
  3 centaurs
  A crocodile (D:11)
  9 bullfrogs
  A gnoll sergeant (D:8)
  3 scorpions
  7 wights
  8 electric eels (D:9)
  4 crimson imps
  2 quasits
  A bullfrog zombie (D:11)
  5 hounds
  4 jellies
  12 orc wizards
  3 orc priests
  2 bullfrog skeletons
  Jessica (D:3)
  9 worker ants
  5 iguanas
  2 hound skeletons
  A mummy (D:6)
  Robin (D:4)
  11 gnolls
  A howler monkey skeleton (D:7)
  15 adders
  2 shadow imps
  6 oozes
  An adder zombie (D:6)
  7 worms
  3 dart slugs
  3 leopard geckos
  36 orcs
  A ball python (D:4)
  12 giant cockroaches
  14 goblins
  7 hobgoblins
  6 jackals
  5 kobolds
  6 quokkas
  8 bats
  3 frilled lizards
  2 hobgoblin zombies (D:6)
  A kobold zombie (D:6)
  An orc zombie (D:6)
  2 quokka skeletons
  10 rats
299 creatures vanquished.

Vanquished Creatures (others)
  An orc (D:9)
  2 plants (D:9)
3 creatures vanquished.

Grand Total: 302 creatures vanquished

Notes
Turn   | Place    | Note
-------+----------+-------------------------------------------
     0 | Abyss:1  | Lifeless the Minotaur Abyssal Knight began the quest for the Orb.
     0 | Abyss:1  | Reached XP level 1. HP: 19/19 MP: 1/1
    73 | D:1      | Escaped the Abyss
   113 | D:1      | Reached XP level 2. HP: 25/27 MP: 2/2
   129 | D:1      | Reached skill level 3 in Long Blades
   468 | D:1      | Reached ** piety under Lugonu
   510 | D:1      | Reached XP level 3. HP: 32/33 MP: 3/3
  1226 | D:2      | Found a basalt altar of Yredelemnul.
  1239 | D:2      | Found a shimmering altar of Xom.
  1278 | D:2      | Reached XP level 4. HP: 36/40 MP: 4/4
  1879 | D:3      | Noticed a moth of wrath
  1882 | D:3      | Found a bloodstained altar of Trog.
  1962 | D:3      | Noticed Jessica
  1970 | D:3      | Killed Jessica
  1970 | D:3      | Reached skill level 4 in Long Blades
  2267 | D:3      | Reached XP level 5. HP: 46/46 MP: 5/5
  2499 | D:3      | Noticed a phantom
  2523 | D:3      | Killed a phantom
  2523 | D:3      | Reached *** piety under Lugonu
  2523 | D:3      | Reached skill level 5 in Long Blades
  2715 | D:4      | Noticed Edmund
  2735 | D:4      | Killed Edmund
  2735 | D:4      | Reached XP level 6. HP: 16/53 MP: 6/6
  3093 | D:4      | Noticed Robin
  3110 | D:4      | Killed Robin
  3416 | D:4      | Reached skill level 5 in Fighting
  3419 | D:4      | Reached skill level 6 in Long Blades
  3419 | D:4      | Reached XP level 7. HP: 47/61 MP: 7/7
  3562 | D:4      | Reached skill level 5 in Armour
  4263 | D:5      | Entered Level 5 of the Dungeon
  4280 | D:5      | Reached **** piety under Lugonu
  4365 | D:5      | Reached skill level 7 in Long Blades
  4557 | D:5      | Reached XP level 8. HP: 56/70 MP: 8/8
  4956 | D:5      | Got a jewelled dagger
  4957 | D:5      | Identified the +9 dagger "Mommodghi" {pain, rF+ Stlth+} (You found it on level 5 of the Dungeon)
  5712 | D:6      | Reached skill level 8 in Long Blades
  5885 | D:6      | Reached skill level 5 in Dodging
  6094 | D:6      | Got a translucent leather armour
  6105 | D:6      | Identified the cursed +0 leather armour "Umuhirun" {-Cast +Blink rC+} (You found it on level 6 of the Dungeon)
  6144 | D:6      | Reached skill level 9 in Long Blades
  6300 | D:7      | Found a staircase to the Ecumenical Temple.
  6594 | D:7      | Noticed Joseph
  6621 | D:7      | Killed Joseph
  6621 | D:7      | Reached XP level 9. HP: 46/79 MP: 9/9
  7479 | D:7      | Reached skill level 10 in Long Blades
  7835 | D:8      | Reached ***** piety under Lugonu
  8180 | D:8      | Noticed a two-headed ogre
  8191 | D:8      | Killed a two-headed ogre
  8392 | D:8      | Found a deep blue altar of Sif Muna.
  8395 | D:8      | Found an ancient bone altar of Kikubaaqudgha.
  8411 | D:8      | Found Baseydok's Distillery.
  8552 | D:8      | Reached skill level 11 in Long Blades
  8552 | D:8      | Reached XP level 10. HP: 74/90 MP: 10/10
  8708 | D:9      | Found a shadowy altar of Dithmenos.
 10344 | D:9      | Found a staircase to the Lair.
 10673 | D:10     | Entered Level 10 of the Dungeon
 11034 | D:10     | Reached skill level 12 in Long Blades
 11544 | D:11     | Noticed a two-headed ogre
 11559 | D:11     | Noticed a two-headed ogre
 11562 | D:11     | Killed a two-headed ogre
 11575 | D:11     | Killed a two-headed ogre
 11575 | D:11     | Reached XP level 11. HP: 46/99 MP: 11/11
 12063 | D:11     | Reached skill level 10 in Fighting
 12224 | D:11     | Noticed a purple ugly thing
 12289 | D:11     | Killed a purple ugly thing
 12289 | D:11     | Reached skill level 13 in Long Blades
 12289 | D:11     | Reached skill level 10 in Armour
 12314 | D:11     | Noticed a brown ugly thing
 12349 | D:11     | Killed a brown ugly thing
 12562 | D:11     | Noticed a red ugly thing
 12577 | D:11     | Killed a red ugly thing
 13029 | D:11     | Noticed Erolcha
 13035 | D:11     | Killed Erolcha
 13073 | D:11     | Found a blossoming altar of Fedhas.
 13295 | D:12     | Found a staircase to the Orcish Mines.
 13321 | D:12     | Found Tuaf's Armour Shop.
 13754 | D:12     | Noticed a death knight
 14098 | D:12     | Reached skill level 14 in Long Blades
 14280 | D:12     | Mangled by a large slime creature

Vault maps used:
D:1:      erik_arrival_gehennom, hex_tiny, minmay_tetromino_i2
D:2:      amethyst_overflow_temple_binary
D:3:      tgw_trog, uniq_jessica
D:4:      first_bread, uniq_edmund, uniq_robin
D:6:      minmay_mini_ossuary
D:7:      minmay_temple_entry_overgrown, uniq_joseph
D:8:      grunt_temple_overflow_open, serial_shops, nicolae_shop_stone,
          grunt_livestock, grunt_ministairs_13
D:9:      lemuel_crystal_altar, david_lair_shrubbed, serial_glass,
          glass_columns_a, glass_columns_a, kennysheep_boxes
D:11:     basic_altar, minmay_bent, uniq_erolcha
D:12:     orc_david_3, basic_altar

Skill      XL: |  1  2  3  4  5  6  7  8  9 10 11 |
---------------+----------------------------------+-----
Long Blades    | 3 4 5 6 7 9 11 12 14 | 14.0
Armour         | 3 4 5 7 8 9 10 | 10.8
Dodging        | 2 3 4 5 6 8 9 |  9.5
Fighting       | 4 5 6 7 8 9 10 | 10.9
Invocations    | |  1.7

Action                   |  1- 3 |  4- 6 |  7- 9 | 10-12 || total
-------------------------+-------+-------+-------+-------++-------
Melee: Falchion          |    71 |   162 |   106 |       ||   339
       Headbutt          |    12 |    34 |    86 |   135 ||   267
       Dagger            |       |       |   236 |   560 ||   796
  Use: Scroll            |       |       |    18 |     7 ||    25
       Potion            |       |       |     1 |     2 ||     3
  Eat: Chunk             |     1 |     4 |     8 |     9 ||    22
       Royal jelly       |       |     1 |     3 |     4 ||     8
       Fruit             |       |     1 |     5 |       ||     6
Armor: Leather armour    |     9 |       |       |    21 ||    30
       Ring mail         |    13 |       |       |       ||    13
       Scale mail        |       |    47 |       |       ||    47
       Chain mail        |       |       |    91 |       ||    91
       Plate armour      |       |       |    21 |   143 ||   164
Dodge: Dodged            |    50 |    86 |    96 |   143 ||   375
Block: Buckler           |       |       |       |    69 ||    69
       Rpst.: Falchion   |    16 |    26 |     6 |       ||    48
